 Dungeon Crawl Stone Soup version 0.31-a0-145-g046c7d2549 (webtiles) character file.

Game seed: 2365851078573299321

191 qw the Shooter (level 5, -1/46 HPs)
             Began as a Minotaur Hunter on June 7, 2023.
             Slain by a gnoll
             ... wielding a +0 whip
              (3 damage)
             ... on level 4 of the Dungeon.
             The game lasted 00:01:04 (2500 turns).

qw the Shooter (Minotaur Hunter)                    Turns: 2500, Time: 00:01:04

Health: -1/46      AC:  3    Str: 15    XL:     5   Next: 41%
Magic:  4/4        EV:  6    Int:  6    God:
Gold:   138        SH:  0    Dex: 16    Spells: 4/4 levels left

rFire   . . .        Y - +0 shortbow
rCold   . . .        (shield currently unavailable)
rNeg    . . .        c - +0 leather armour
rPois   .            (helmet restricted)
rElec   .            (no cloak)
rCorr   .            (no gloves)
SInv    .            (no boots)
Will    .....        (no amulet)
Stlth   +            (no ring)
HPRegen 0.27/turn    (no ring)
MPRegen 0.09/turn

%: no passive effects
@: held
A: horns 2, retaliatory headbutt
a: no special abilities


You were on level 4 of the Dungeon.
You visited 1 branch of the dungeon, and saw 4 of its levels.

You collected 236 gold pieces.
You spent 98 gold pieces at shops.


Innate Abilities, Weirdness & Mutations

You have a pair of horns on your head.
You reflexively headbutt those who attack you in melee.


   Skills:
 - Level 4.2 Fighting
 + Level 6.6 Ranged Weapons
 - Level 2.1 Dodging
 - Level 0.7 Stealth


You had 4 spell levels left.
You didn't know any spells.
Your spell library was empty.

Inventory:

Hand Weapons
 Y - a +0 shortbow (weapon)
Armour
 c - a +0 leather armour (worn)
 e - a scarf of resistance
Jewellery
 b - a +6 ring of dexterity
Scrolls
 g - a scroll of fear {unknown}
Potions
 a - a potion of cancellation {unknown}
 d - a potion of ambrosia {unknown}
 f - 2 potions of might
 h - a potion of attraction {unknown}
 i - a potion of invisibility {unknown}
 j - 2 potions of curing

Dungeon Overview and Level Annotations

Branches:
Dungeon (4/15)
 Temple: D:4-7

Altars:

Shops:
D:2 !   D:3 =


Message History

A sourceless malevolence fills the Dungeon... and a teleportation trap spontaneously manifests!
You are yanked towards a nearby monster!
Your surroundings suddenly seem different.
A gnoll comes into view. It is wielding a +0 halberd.
Found a book of the Tundra.
The gnoll moves out of view.
Enter note:
Enter note:
Enter note:
Enter note: A gnoll comes into view. It is wielding a +0 whip.
Enter note:
Enter note:
Enter note:
Enter note: You shoot an arrow.
The gnoll shouts! x2
The arrow hits the gnoll.
The gnoll is moderately wounded.
The gnoll throws a throwing net.
The throwing net hits you.
You become entangled in the net!
A gnoll comes into view. It is wielding a +0 club.
The gnoll hits you with a +0 whip.
The gnoll hits you from afar with a +0 halberd!
The gnoll shouts!
The gnoll hits you but does no damage. The gnoll hits you with a +0 whip!
The gnoll hits you with a +0 whip. The gnoll hits you with a +0 whip.
The gnoll hits you from afar with a +0 halberd!
2498 ||| UPGRADING to scarf of resistance.
The gnoll completely misses you. The gnoll hits you with a +0 whip.
Keep equipping yourself?
The gnoll hits you with a +0 club.
You start putting on your armour.
You continue putting on your scarf of resistance.
The gnoll barely misses you. The gnoll hits you but does no damage.
The gnoll barely misses you.
You continue putting on your scarf of resistance.
The gnoll hits you with a +0 club. The gnoll hits you with a +0 whip.
You die...

## #..####.# .##
#.....#.# ..##
##.##.#.# ...##
##......#
....####...#.######
....'.............
....####...#.###.##
...##
##.##.###..###...
..##
#.......@g......
.##
#.##.##.g....... ##
#.##.##..g..###. #
#.# #....## # .#
#....# ## #....#
.#### #...##. ....
...## #. .###.#


You could see 3 gnolls.

Vanquished Creatures
  A hound (D:4)
  A sleepcap (D:4)
  Natasha (D:4)
  2 adders
  An ufetubus (D:4)
  2 worms (D:2)
  5 dart slugs
  2 orcs (D:3)
  4 bats
  7 endoplasms
  5 giant cockroaches
  9 goblins
  4 hobgoblins
  A kobold (D:2)
  5 quokkas
  8 ball pythons
  2 frilled lizards (D:1)
  8 rats
68 creatures vanquished.

Notes
Turn   | Place    | Note
-------+----------+-------------------------------------------
     0 | D:1      | qw the Minotaur Hunter began the quest for the Orb.
     0 | D:1      | Reached XP level 1. HP: 18/18 MP: 0/0
     0 | D:1      | 0 ||| qw: Version: 0.2-a-117-gc6b5c8b
     0 | D:1      | 0 ||| qw: Game counter: 2457
     0 | D:1      | 0 ||| qw: Always use a shield: true
     0 | D:1      | 0 ||| qw: God list: Okawaru
     0 | D:1      | 0 ||| qw: Allow faded altars: false
     0 | D:1      | 0 ||| qw: Do Orc after D:15 true
     0 | D:1      | 0 ||| qw: Do second Lair branch before Depths: true
     0 | D:1      | 0 ||| qw: Lair rune preference: random
     0 | D:1      | 0 ||| qw: Plans: Normal
     0 | D:1      | 0 ||| PLANNING D:1-11
     6 | D:1      | Noticed a hound
     6 | D:1      | Noticed a snapping turtle
     6 | D:1      | Noticed a water moccasin
   354 | D:1      | Reached XP level 2. HP: 25/25 MP: 1/1
   413 | D:1      | Reached skill level 5 in Ranged Weapons
   655 | D:1      | Reached skill level 3 in Fighting
   898 | D:1      | 898 ||| READING 2 scrolls labelled CUBANE CARCHEEFY.
   899 | D:1      | 899 ||| DRINKING 2 bubbling purple potions.
  1004 | D:1      | 1004 ||| DROPPING scroll of vulnerability.
  1005 | D:1      | 1005 ||| DROPPING scroll of butterflies.
  1006 | D:1      | 1006 ||| DROPPING potion of berserk rage.
  1065 | D:2      | Found a faded altar of an unknown god.
  1132 | D:2      | Reached XP level 3. HP: 31/31 MP: 2/2
  1355 | D:2      | Found Itziav Bidu's Distillery.
  1368 | D:2      | 1368 ||| BUYING potion of curing (42 gold).
  1368 | D:2      | Bought a potion of curing for 42 gold pieces
  1368 | D:2      | 1368 ||| SHOPLISTING potion of haste (140 gold, have 107).
  1368 | D:2      | 1368 ||| BUYING potion of might (56 gold).
  1368 | D:2      | Bought a potion of might for 56 gold pieces
  1368 | D:2      | 1368 ||| SHOPLISTING potion of might (56 gold, have 51).
  1368 | D:2      | 1368 ||| SHOPLISTING potion of mutation (112 gold, have
                  | 51).
  1368 | D:2      | 1368 ||| SHOPLISTING potion of resistance (140 gold, have
                  | 51).
  1518 | D:2      | 1518 ||| READING scroll labelled NOJUUK IFITEE.
  1519 | D:2      | 1519 ||| READING scroll labelled DASTRA BUL COOBRU.
  1520 | D:2      | 1520 ||| READING scroll labelled RUIFIAVVAH.
  1521 | D:2      | 1521 ||| READING scroll labelled AVENUL QERIKE.
  1596 | D:3      | Reached XP level 4. HP: 38/38 MP: 3/3
  1613 | D:3      | Found Rirchorong's Jewellery Shop.
  1617 | D:3      | 1617 ||| SHOPLISTING +5 ring of evasion (396 gold, have
                  | 51).
  1617 | D:3      | 1617 ||| SHOPLISTING +6 ring of dexterity (396 gold, have
                  | 51).
  1617 | D:3      | 1617 ||| SHOPLISTING +6 ring of strength (396 gold, have
                  | 51).
  1617 | D:3      | 1617 ||| SHOPLISTING amulet of reflection (330 gold, have
                  | 51).
  1617 | D:3      | 1617 ||| SHOPLISTING amulet of regeneration (330 gold, have
                  | 51).
  1617 | D:3      | 1617 ||| SHOPLISTING ring "Sueman" {rPois rF++ rN+} (535
                  | gold, have 51).
  1617 | D:3      | 1617 ||| SHOPLISTING ring "Utzeor" {*Corrode rPois rC+
                  | Str+2 Dex+6} (580 gold, have 51).
  1617 | D:3      | 1617 ||| SHOPLISTING ring of resist corrosion (220 gold,
                  | have 51).
  1631 | D:3      | Reached skill level 6 in Ranged Weapons
  1662 | D:3      | 1662 ||| FLEEEEING.
  1663 | D:3      | 1663 ||| FLEEEEING.
  1664 | D:3      | 1664 ||| FLEEEEING.
  1665 | D:3      | 1665 ||| FLEEEEING.
  1666 | D:3      | 1666 ||| FLEEEEING.
  1667 | D:3      | 1667 ||| FLEEEEING.
  1668 | D:3      | 1668 ||| FLEEEEING.
  1676 | D:3      | 1676 ||| STAIRDANCE
  1721 | D:2      | 1721 ||| READING scroll labelled WAREIDI EDGHI.
  1722 | D:2      | 1722 ||| READING scroll labelled ZEXOSOTHRYSUV.
  1723 | D:2      | 1723 ||| READING scroll labelled HEFODYGR VIER.
  2255 | D:4      | Reached XP level 5. HP: 34/46 MP: 4/4
  2330 | D:4      | Noticed Natasha
  2332 | D:4      | 2332 ||| FLEEEEING.
  2333 | D:4      | 2333 ||| FLEEEEING.
  2334 | D:4      | 2334 ||| FLEEEEING.
  2335 | D:4      | 2335 ||| FLEEEEING.
  2336 | D:4      | 2336 ||| FLEEEEING.
  2337 | D:4      | 2337 ||| FLEEEEING.
  2338 | D:4      | 2338 ||| FLEEEEING.
  2345 | D:4      | 2345 ||| FLEEEEING.
  2346 | D:4      | 2346 ||| FLEEEEING.
  2347 | D:4      | 2347 ||| FLEEEEING.
  2348 | D:4      | 2348 ||| FLEEEEING.
  2349 | D:4      | 2349 ||| FLEEEEING.
  2350 | D:4      | 2350 ||| FLEEEEING.
  2357 | D:4      | Killed Natasha
  2498 | D:4      | 2498 ||| UPGRADING to scarf of resistance.
  2498 | D:4      | HP: 9/46 [gnoll/+0 whip (3)]
  2500 | D:4      | HP: 2/46 [gnoll/+0 club (4)]
  2500 | D:4      | Slain by a gnoll

Levels and vault maps discovered:
D:1:      onia_arrival_zoo_common, layout_basic, chequers_serial_rivers_room_b,
          lemuel_flame_loot_1
D:2:      layout_basic, serial_shops, shop, shapermc_ecumenical_altar_venn
D:3:      layout_rooms, serial_shops, shop, minmay_misc_feat_four_crosses,
          minmay_door_square
D:4:      kennysheep_the_goblin_king, layout_loops_corners,
          gammafunk_ghost_abyssal_escape, uniq_natasha

Skill      XL: |  1  2  3  4 |
---------------+-------------+-----
Ranged Weapons | 5 6 |  6.6
Fighting       | 3 4 |  4.2
Dodging        | |  2.1
Stealth        | |  0.7

Action                     |  1- 3 |  4- 6 || total
---------------------------+-------+-------++-------
   Fire: Shortbow          |   113 |   102 ||   215
    Use: Scroll            |     5 |     3 ||     8
         Potion            |     1 |       ||     1
 Armour: Leather armour    |     2 |     9 ||    11
  Dodge: Dodged            |    16 |    38 ||    54

Table legend:
 A = Non-vault XP
 B = Vault XP
 C = Vault XP percentage of total XP
 D = Non-vault monster count
 E = Vault monster count
 F = Vault count percentage of total count
                 A         B        C        D         E       F
            +---------+---------+-------+---------+---------+-------
      Total |     229 |      44 |  16.1 |      62 |       6 |   8.8
            +---------+---------+-------+---------+---------+-------
        D:1 |      29 |       0 |   0.0 |      17 |       0 |   0.0
        D:2 |      60 |       0 |   0.0 |      20 |       0 |   0.0
        D:3 |      49 |       0 |   0.0 |      19 |       0 |   0.0
        D:4 |      91 |      44 |  32.6 |       6 |       6 |  50.0
            +---------+---------+-------+---------+---------+-------
